AoeStats
← Poison

Arabia

510337619Analyzed
1v1 RM · 17h ago on Sep 30, 2026· 39m 13s· 2 players
Game mode
Random Map
Map size
Tiny (2 player)
Population
200
Speed
Normal
Resources
Standard
Victory
Conquest
Starting age
Dark Age
Ending age
Imperial Age
RankedLock teamsTeams togetherTeam positionsShared explorationLock speedFull tech treeHidden civsTurbo modeCheats
Victory
Defeat
🇺🇦 Mongols · Ukraine
1129
+17
🇩🇪 Vikings · Germany
1146
-17
Poison
7:04 Loom
9:22 Feudal Age
18:56 Double-Bit Axe
21:47 Castle Age
19:49 Fletching
21:24 Bloodlines
20:58 Horse Collar
21:40 Gold Mining
22:27 Scale Barding Armor
23:49 Husbandry
24:34 Bodkin Arrow
29:02 Padded Archer Armor
30:11 Wheelbarrow
36:23 Ballistics
36:19 Leather Archer Armor
38:34 Hand Cart
38:13 Stone Mining
el_Bandolero
9:13 Loom
11:19 Feudal Age
12:11 Double-Bit Axe
12:08 Horse Collar
18:00 Fletching
19:02 Man-at-Arms
21:04 Scale Mail Armor
25:49 Castle Age
24:55 Forging
24:47 Padded Archer Armor
25:51 Crossbowman
26:27 Bodkin Arrow
26:37 Long Swordsman
27:40 Chain Mail Armor
28:53 Squires
29:54 Gold Mining
30:48 Heavy Plow
31:30 Iron Casting
35:48 Gold Shaft Mining
38:02 Chieftains
Connection lost

Rejoining the realm…

Still unreachable

The connection could not be restored.

Session expired

The server has moved on; the page needs a fresh start.